Cogmind - Beta 16 @@@ ROGUE MODE // 2025.11.14 @ 04:18:38 Player: ktur Result: Self-destructed Performance ------------- Evolutions (8) 4000 Regions Visited (17) 3400 Robots Destroyed (125) 625 Value Destroyed (5843) 5843 Prototype IDs (57) 1140 Alien Tech Used (0) 0 Bonus (4971) 4971 TOTAL SCORE: 19979 Bonus ------- Follower Combat Kills 37 Delivered SUBCON Basin 2000 Registered with UFD 300 Met Optimus in HQ 500 Met Warlord at Base 500 MAIN.C Attacked Warlord 500 Warlord Defense Kills 1134 Cogmind --------- Core Integrity 970/1450 Matter 281/300 Energy 96/100 System Corruption 5% Temperature Cool (0) Movement Walking (180) Ox1 Location -2/Research Parts ------- > --- POWER (2) -------- (None) > --- PROPULSION (6) --- Biometal Leg > --- UTILITY (13) ----- High-capacity Storage Unit Advanced Signal Interpreter Advanced Melee Analysis Suite Experimental Core Analyzer Improved Armor Integrity Analyzer Nanoactuators A0-MCA's Component Scanner Tech Extrapolator > --- WEAPON (2) ------- Enhanced Hardcell Cannon > --- INVENTORY (20) --- Reinforced Antimatter Reactor Reinforced Antimatter Reactor Matter Compressor (250) Deep Structural Scanner Advanced Actuator Array Jamming Amplifier Advanced ECM Suite Cloaking Device Improved Shield Generator Improved Shield Generator Improved Shield Generator Authchip [Armor] Dimensional Node Initializer Micro-nuke Launcher Micro-nuke Launcher Improved Remote Datajack Peak State ------------ > --- POWER ------------ Reinforced Antimatter Reactor Light Quantum Reactor > --- PROPULSION ------- Flexi-carbon Leg Flexi-carbon Leg Myomer Leg Improved Thunder Leg Improved Thunder Leg Enhanced Biometal Leg > --- UTILITY ---------- High-capacity Storage Unit Advanced Sensor Array Seismic Detector Advanced Melee Analysis Suite Experimental Core Analyzer Improved Armor Integrity Analyzer Nanoactuators Nanoactuators Advanced Reaction Control System Improved Core Shielding Advanced Force Field A0-MCA's Component Scanner Tech Extrapolator > --- WEAPON ----------- Companion Sword > --- INVENTORY -------- Light Antimatter Reactor Reinforced Antimatter Reactor Reinforced Antimatter Reactor Matter Compressor Deep Structural Scanner Nanoactuators Advanced Actuator Array Jamming Amplifier Advanced ECM Suite Cloaking Device Improved Shield Generator Improved Shield Generator Improved Shield Generator Improved Shield Generator Improved Shield Generator Authchip [Armor] Dimensional Node Initializer Micro-nuke Launcher Micro-nuke Launcher Improved Remote Datajack [Rating: 153] Favorites ----------- Power Light Ion Engine Engine Light Ion Engine Power Core Fission Core Reactor Reinforced Antimatter Reactor Propulsion Light Treads Treads Light Treads Leg Flexi-carbon Leg Wheel Compact Wheel Flight Unit Flightbrick Utility Hacking Suite Device Nanoactuators Storage Humpback Processor A0-MCA's Component Scanner Hackware Hacking Suite Protection Improved Utility Shielding Weapon Subdweller Beam Cannon Energy Gun EM Pulse Gun Energy Cannon Subdweller Beam Cannon Ballistic Gun Assault Rifle Ballistic Cannon Battle Cannon Launcher Subdweller Shrapnel Launcher Special Weapon RU-N14's Throwing Claymores v3 Slashing Weapon Companion Sword Build | -11 -10 -10 -9 -9 -6 -6 -6 -5 -5 -5 -5 -4 -4 -4 -4 -3 -2 ------- Run | Yrd Mat Sub Rec Scr Fac Low Low Fac Upp Upp War Pro Fac Upp Upp Res Res Slots Evolved 16 | . . . . . 8 . . 2 . . . . 2 . . 2 2 Power 1 | . . . . . 1 . . . . . . . . . . . . Propulsion 4 | . . . . . 2 . . 1 . . . . 1 . . . . Utility 11 | . . . . . 5 . . 1 . . . . 1 . . 2 2 Weapon . | . . . . . . . . . . . . . . . . . . Parts Attached 116 | 6 1 13 . 3 37 . . 12 . 1 5 2 17 2 . 7 10 Power 18 | 1 . 2 . . 7 . . 2 . . . . 4 1 . . 1 Engine 9 | 1 . 2 . . 4 . . 2 . . . . . . . . . Core 4 | . . . . . 3 . . . . . . . 1 . . . . Reactor 5 | . . . . . . . . . . . . . 3 1 . . 1 Propulsion 23 | 2 . 3 . 1 4 . . . . . 1 . 6 1 . 2 3 Treads 3 | 2 . 1 . . . . . . . . . . . . . . . Leg 15 | . . . . . 3 . . . . . . . 6 1 . 2 3 Wheel 3 | . . 2 . 1 . . . . . . . . . . . . . Hover . | . . . . . . . . . . . . . . . . . . Flight 2 | . . . . . 1 . . . . . 1 . . . . . . Utility 60 | 1 1 1 . . 25 . . 10 . 1 2 2 7 . . 5 5 Device 20 | . . . . . 7 . . 2 . . . . 5 . . 2 4 Storage 5 | 1 1 1 . . 1 . . . . . . . 1 . . . . Processor 10 | . . . . . 4 . . 2 . . 1 . . . . 2 1 Hackware 13 | . . . . . 9 . . 3 . 1 . . . . . . . Protection 12 | . . . . . 4 . . 3 . . 1 2 1 . . 1 . Artifact . | . . . . . . . . . . . . . . . . . . Weapon 15 | 2 . 7 . 2 1 . . . . . 2 . . . . . 1 Energy Gun 4 | 2 . 1 . . . . . . . . 1 . . . . . . Energy Cannon 2 | . . 2 . . . . . . . . . . . . . . . Ballistic Gun 1 | . . 1 . . . . . . . . . . . . . . . Ballistic Cannon 3 | . . 2 . . . . . . . . . . . . . . 1 Launcher 2 | . . 1 . . 1 . . . . . . . . . . . . Special Weapon 1 | . . . . . . . . . . . 1 . . . . . . Impact Weapon . | . . . . . . . . . . . . . . . . . . Slashing Weapon 2 | . . . . 2 . . . . . . . . . . . . . Piercing Weapon . | . . . . . . . . . . . . . . . . . . Special Melee Weapon . | . . . . . . . . . . . . . . . . . . Unidentified Prototypes 1 | . . . . 1 . . . . . . . . . . . . . Corrupted Parts 2 | . . . . . 2 . . . . . . . . . . . . System Corruption 3 | . . . . . 3 . . . . . . . . . . . . Parts Lost 47 | . . 3 . . 13 . . . . . . 1 8 2 . 2 18 Power 13 | . . 1 . . 5 . . . . . . . 3 1 . . 3 Propulsion 14 | . . . . . 4 . . . . . . . 2 . . 1 7 Utility 16 | . . . . . 3 . . . . . . 1 3 1 . 1 7 Weapon 4 | . . 2 . . 1 . . . . . . . . . . . 1 Highest Loss Streak 8 | . . 2 . . 6 . . . . . . 1 6 2 . 1 8 To Critical Strikes . | . . . . . . . . . . . . . . . . . . Average Backups 14 | 3 6 10 13 27 15 3 4 3 4 3 4 5 11 20 20 19 18 Power 1 | . 1 1 1 1 . . . . . . . . 1 3 3 3 2 Propulsion 2 | 1 2 2 4 6 1 . . . . . 1 2 . . . . . Utility 7 | . 1 2 5 14 9 3 4 3 4 3 2 1 7 14 14 13 11 Weapon 2 | . 1 3 2 2 . . . . . . . . . 2 2 2 2 Tool/Special . | . . . . . . . . . . . . . . . . . . Unused Backups 41 | . . 3 2 6 13 . . . . . 1 . 3 . . . 13 Power 3 | . . . . . . . . . . . . . 1 . . . 2 Propulsion 7 | . . . . 5 2 . . . . . . . . . . . . Utility 18 | . . 1 1 1 5 . . . . . . . 1 . . . 9 Weapon 6 | . . 2 1 . 1 . . . . . 1 . 1 . . . . Tool/Special 7 | . . . . . 5 . . . . . . . . . . . 2 Average Slot Usage (%) 79 | . 85 84 85 75 72 61 61 73 75 75 75 75 77 89 89 87 78 Engine 10 | . 14 13 14 14 5 5 5 8 10 10 10 10 . . . . . Reactor 1 | . . . . . . . . . . . . . 5 10 10 9 6 Treads 7 | . 28 26 . . . . . . . . . . . . . . . Leg 3 | . . . . . 6 . . . . . . . 17 30 31 27 19 Wheel 7 | . . 1 28 22 3 . . . . . . . . . . . . Flight 1 | . . . . . . 5 5 5 5 5 7 10 5 . . . . Device 3 | . . . . . 3 4 5 9 5 5 5 5 12 21 21 17 16 Storage 9 | . 14 14 14 14 4 . . . . . . . 3 5 5 4 4 Processor 7 | . . . . . 13 16 16 20 20 20 19 20 15 15 15 19 24 Hackware 4 | . . . . . 18 11 11 14 15 15 15 15 1 . . . . Protection 3 | . . . . . 5 5 5 9 15 15 12 10 7 . . 2 . Energy Gun 1 | . 28 5 . . . . . . . . . . . . . . . Energy Cannon 7 | . . 17 14 8 . . . . . . . . . . . . . Ballistic Cannon 3 | . . 1 14 10 . . . . . . . . . . . . . Slashing Weapon 3 | . . . . 5 4 5 5 5 5 5 5 5 4 5 5 4 3 Peak Build Rating 153 | 6 7 34 35 32 84 83 83 102 97 99 128 120 126 128 124 141 153 Average Rating 55 | 3 6 14 34 25 74 82 83 98 97 97 110 119 103 123 124 130 129 On Entrance 77 | . 6 7 34 17 32 83 83 83 97 97 99 120 120 126 124 124 141 Avg Prop Armor Cover (%) 9 | . . 10 . . 13 . . . . . . . 1 1 . . . Naked Turns . | . . . . . . . . . . . . . . . . . . Heaviest Build 219 | 14 29 219 214 214 65 18 18 25 21 21 31 31 96 96 92 103 107 Greatest Support 151 | 40 40 40 32 32 93 24 24 24 24 24 32 32 120 145 145 151 151 Greatest Overweight (x) 13 | . . 13 6 7 2 . . 1 . . 3 . 1 . . . 2 Average Overweight (x) 1 | . . 1 6 6 . . . . . . . . . . . . . Largest Inventory Capacity 35 | 8 15 35 35 35 35 5 5 5 5 5 5 5 20 20 20 20 20 Average Capacity 21 | 7 12 18 35 35 19 5 5 5 5 5 5 5 16 20 20 20 20 Most Carried 35 | 7 10 35 35 35 35 5 5 5 5 5 5 5 20 20 20 20 20 Average Carried 19 | 3 6 15 34 32 18 4 5 4 5 4 4 4 11 20 20 19 18 Final Capacity 35 | 8 15 35 35 35 5 5 5 5 5 5 5 5 20 20 20 20 20 Final Carried 35 | 4 10 35 20 35 4 5 5 5 5 5 5 5 20 20 20 20 16 Class Distribution -------------------- 33% | Hauler-Mutant 27% | Hacker-Mutant 27% | Mutant 10% | Scavenger-Mutant Dominant Class ---------------- Mutant | -10/Materials Mutant | -10/Subcaves Hauler-Mutant | -9/Recycling Hauler-Mutant | -9/Scraptown Hacker-Mutant | -6/Factory Hacker-Mutant | -6/Lower Caves Hacker-Mutant | -6/Lower Caves Hacker-Mutant | -5/Factory Hacker-Mutant | -5/Upper Caves Hacker-Mutant | -5/Upper Caves Hacker-Mutant | -5/Warlord Hacker-Mutant | -4/Proximity Caves Scavenger-Mutant | -4/Factory Scavenger-Mutant | -4/Upper Caves Scavenger-Mutant | -4/Upper Caves Scavenger-Mutant | -3/Research Mutant | -2/Research Resources | -11 -10 -10 -9 -9 -6 -6 -6 -5 -5 -5 -5 -4 -4 -4 -4 -3 -2 ----------- Run | Yrd Mat Sub Rec Scr Fac Low Low Fac Upp Upp War Pro Fac Upp Upp Res Res Matter Collected 2362 | 252 10 263 145 . 589 20 14 167 3 . 80 20 204 213 16 99 267 Remotely . | . . . . . . . . . . . . . . . . . . Salvage Created 6441 | . 154 641 388 . 1408 61 . 864 . . 194 156 644 308 234 363 1026 Parts 297 | . 5 46 10 . 62 . . 39 . . 15 8 30 15 12 19 36 Haulers Intercepted 3 | . 1 . . . 1 . . 1 . . . . . . . . . Recyclers Shooed 1 | . . . . . . . . . . . . . . . . . 1 Parts Field Recycled . | . . . . . . . . . . . . . . . . . . Retrieved Matter . | . . . . . . . . . . . . . . . . . . Parts Self-Destructed 45 | . . 12 . . . . . . . . . 7 . 13 13 . . Prevented . | . . . . . . . . . . . . . . . . . . Parts Restored . | . . . . . . . . . . . . . . . . . . Kills | -11 -10 -10 -9 -9 -6 -6 -6 -5 -5 -5 -5 -4 -4 -4 -4 -3 -2 ------- Run | Yrd Mat Sub Rec Scr Fac Low Low Fac Upp Upp War Pro Fac Upp Upp Res Res Combat Hostiles Destroyed 102 | . 2 17 1 . 23 . . 7 . . 15 3 11 4 3 2 14 Melee 54 | . . . . . 15 . . 7 . . 2 3 11 3 2 2 9 Cannons 21 | . . 13 1 . . . . . . . 2 . . . . . 5 AOE 22 | . 1 2 . . 8 . . . . . 11 . . . . . . Classes Destroyed 18 | . 2 3 2 . 5 . . 1 . . 2 1 . . . . 2 Worker 2 | . . . . . 2 . . . . . . . . . . . . Tunneler 1 | . . . . . . . . . . . . . . . . . 1 Hauler 3 | . 1 . . . 1 . . 1 . . . . . . . . . Recycler 7 | . . . 2 . 2 . . 1 . . . . . . . 2 . Mechanic 1 | . . . . . . . . 1 . . . . . . . . . Operator 3 | . . . . . 1 . . 2 . . . . . . . . . Drone 1 | . . . . . . . . . . . . 1 . . . . . Turret 2 | . . 2 . . . . . . . . . . . . . . . Watcher 4 | . . . . . 1 . . 2 . . . . 1 . . . . Swarmer 18 | . . 2 . . 6 . . . . . 7 . 3 . . . . Saboteur 3 | . . . . . . . . . . . 3 . . . . . . Grunt 37 | . 2 . . . 10 . . 5 . . 2 . 3 4 3 . 8 Brawler 1 | . . . . . . . . . . . 1 . . . . . . Duelist 1 | . . . . . . . . . . . . . . . . . 1 Sentry 7 | . . . 1 . 2 . . 2 . . . . 1 . . . 1 Hunter 7 | . . . . . 1 . . . . . . 2 2 . . . 2 Programmer 12 | . . . . . 4 . . . . . 2 . 2 . . 2 2 Subdweller 15 | . . 15 . . . . . . . . . . . . . . . Best Kill Streak 11 | . 2 3 1 . 6 . . 3 . . 11 2 4 4 3 1 6 Combat Bots Only 11 | . 2 3 1 . 3 . . 3 . . 11 2 4 4 3 1 6 Max Kills in Single Turn 4 | . 1 2 1 . 4 . . 1 . . 4 1 1 1 2 1 1 Gunslinging . | . . . . . . . . . . . . . . . . . . Exploded 4 | . 1 2 . . 2 . . . . . 4 . . . . . . Melee 2 | . . . . . 1 . . 1 . . 1 1 1 1 2 1 1 Uniques/NPCs Destroyed . | . . . . . . . . . . . . . . . . . . Combat | -11 -10 -10 -9 -9 -6 -6 -6 -5 -5 -5 -5 -4 -4 -4 -4 -3 -2 -------- Run | Yrd Mat Sub Rec Scr Fac Low Low Fac Upp Upp War Pro Fac Upp Upp Res Res Hostile Shots Fired 988 | . 14 58 2 . 366 9 3 37 3 4 16 62 185 30 26 16 157 Missed 330 | . 6 25 1 . 118 4 2 12 2 3 10 23 51 9 17 7 40 Hits 658 | . 8 33 1 . 248 5 1 25 1 1 6 39 134 21 9 9 117 Melee 7 | . . . . . . . . . . . 1 . . . . . 6 Projectile 651 | . 8 33 1 . 248 5 1 25 1 1 5 39 134 21 9 9 111 AOE 1 | . . . . . 1 . . . . . . . . . . . . Critical Strikes 27 | . . 2 . . 5 . . . . . . 2 5 3 3 1 6 Part Disruptions 3 | . . . . . . . . . . . 1 . . . . 2 . Damage Taken 11021 | . 112 732 15 . 3386 70 19 418 20 25 96 621 2370 318 151 166 2502 Core 2288 | . 41 176 15 . 751 . . 76 . . . 74 603 34 25 13 480 Absorbed by Shields 683 | . . . . . . . . 92 . . . . 44 118 51 57 321 Redirected to Shielding 413 | . . . . . 126 . . 71 13 16 11 11 165 . . . . Ignored by Resistances 38 | . . . . . 38 . . . . . . . . . . . . Regen/Repaired (Parts) 252 | . . . . . 244 . . . . . 8 . . . . . . Core Remaining (%) 57 | 100 . . . 7 . . 11 . . . . 85 . . 42 99 . Volleys Fired 118 | . 9 53 11 . 14 . . . . . 6 . . . . . 25 Largest 2 | . 2 2 2 . 1 . . . . . 1 . . . . . 1 Hottest 160 | . 80 160 113 . 30 . . . . . 40 . . . . . 58 Shots Fired 167 | . 18 83 22 . 13 . . . . . 6 . . . . . 25 Gun 35 | . 18 16 . . . . . . . . 1 . . . . . . Cannon 107 | . . 60 22 . . . . . . . . . . . . . 25 Launcher 20 | . . 7 . . 13 . . . . . . . . . . . . Special 5 | . . . . . . . . . . . 5 . . . . . . Kinetic 65 | . . 29 11 . . . . . . . . . . . . . 25 Thermal 63 | . . 52 11 . . . . . . . . . . . . . . Explosive 18 | . . . . . 13 . . . . . 5 . . . . . . Electromagnetic 20 | . 18 2 . . . . . . . . . . . . . . . Entropic 1 | . . . . . . . . . . . 1 . . . . . . Robot Hit Streak 10 | . 4 10 5 . 2 . . . . . 3 . . . . . 4 Robot Miss Streak 2 | . 2 2 1 . 2 . . . . . 1 . . . . . 2 Penetration Max . | . . . . . . . . . . . . . . . . . . Secondary Targets . | . . . . . . . . . . . . . . . . . . Shots Hit Robots 339 | . 11 52 9 . 70 1 . 35 . 1 4 14 48 8 9 13 64 Core Hits 175 | 1 6 20 5 . 44 1 . 18 . . 14 4 18 6 3 6 29 Critical Kills 2 | . . 2 . . . . . . . . . . . . . . . Critical Parts Destroyed . | . . . . . . . . . . . . . . . . . . Critical Strikes 14 | . . 2 . . . . . 4 . . . . 2 . 2 . 4 Meltdown 2 | . . 2 . . . . . . . . . . . . . . . Blast 2 | . . . . . . . . . . . . . . . . . 2 Melee Attacks 375 | . . . . . 103 2 4 65 . 5 3 17 70 9 14 25 58 Impact . | . . . . . . . . . . . . . . . . . . Slashing 375 | . . . . . 103 2 4 65 . 5 3 17 70 9 14 25 58 Piercing . | . . . . . . . . . . . . . . . . . . Sneak Attacks 24 | . . . . . 7 . . 6 . . . 2 5 1 . 2 1 Combat Hostiles 6 | . . . . . 2 . . 1 . . . 1 2 . . . . Follow-up Attacks 10 | . . . . . 1 . . . . . . 2 4 . 1 . 2 Damage Inflicted 17079 | 3 296 1509 222 . 4110 83 . 1962 . 37 2087 655 2088 281 288 609 2849 Guns 289 | . 167 122 . . . . . . . . . . . . . . . Cannons 2025 | . . 989 222 . . . . . . . . . . . . . 814 Explosions 3562 | . 125 398 . . 1140 . . . . . 1899 . . . . . . Melee 11032 | . . . . . 2970 83 . 1962 . 37 46 655 2070 281 288 609 2031 Ramming 29 | 3 4 . . . . . . . . . . . 18 . . . 4 Kinetic 1599 | . . 667 118 . . . . . . . . . . . . . 814 Thermal 1049 | . 125 820 104 . . . . . . . . . . . . . . Explosive 3039 | . . . . . 1140 . . . . . 1899 . . . . . . Electromagnetic 189 | . 167 22 . . . . . . . . . . . . . . . Impact . | . . . . . . . . . . . . . . . . . . Slashing 11174 | . . . . . 2970 83 . 1962 . 37 188 655 2070 281 288 609 2031 Piercing . | . . . . . . . . . . . . . . . . . . Highest Corruption 7 | . . . . . 7 7 7 . . . . . 5 5 5 3 5 Average Corruption 3 | . . . . . 3 7 7 . . . . . 4 5 5 2 2 Corruption Purged . | . . . . . . . . . . . . . . . . . . Corruption Blocked . | . . . . . . . . . . . . . . . . . . Effects 58 | . . . . . 22 6 . . . . . . 7 4 2 12 5 Message Errors 12 | . . . . . 5 3 . . . . . . . . . 3 1 Matter Fused 19 | . . . . . 5 2 . . . . . . 4 2 1 3 2 Heat Flow Errors 7 | . . . . . 3 . . . . . . . 1 . . 3 . Energy Discharges 5 | . . . . . 3 . . . . . . . 1 . . 1 . Parts Fused 1 | . . . . . . 1 . . . . . . . . . . . Data Loss (minor) 4 | . . . . . 1 . . . . . . . . . 1 . 2 Data Loss (major) 6 | . . . . . 3 . . . . . . . 1 1 . 1 . Alerts 3 | . . . . . 1 . . . . . . . . 1 . 1 . Weapon Failures 1 | . . . . . 1 . . . . . . . . . . . . Overload Shots . | . . . . . . . . . . . . . . . . . . Overflow Damage 848 | . . 54 7 . 266 . . 202 . . 123 46 82 . . 3 65 Projectiles 13 | . . . 7 . . . . . . . 6 . . . . . . Explosions 231 | . . 54 . . 60 . . . . . 117 . . . . . . Melee 604 | . . . . . 206 . . 202 . . . 46 82 . . 3 65 Knockbacks 4 | . . 1 1 . . . . . . . . . . . . . 2 Impact . | . . . . . . . . . . . . . . . . . . Kinetic 3 | . . 1 1 . . . . . . . . . . . . . 1 Secondary 1 | . . . . . . . . . . . . . . . . . 1 Self-Inflicted Damage 155 | . . 18 . . 137 . . . . . . . . . . . . Shots 7 | . . 1 . . 6 . . . . . . . . . . . . Rammed 3 | 2 1 . . . . . . . . . . . . . . . . Targets Rammed 14 | 2 1 . . . . . . . . . . . 9 . . . 2 Kicked 11 | . . . . . . . . . . . . . 9 . . . 2 Crushed . | . . . . . . . . . . . . . . . . . . Highest Temperature 303 | . 201 303 204 . 220 . . . . . . . 221 18 8 255 123 Average Temperature 83 | . 100 95 62 . 90 . . . . . . . 111 9 8 105 53 Received Heat Transfer 2122 | . 63 443 9 . 771 . 9 96 9 9 18 . 86 137 69 . 403 Effects 1 | . 1 . . . . . . . . . . . . . . . . Interference 1 | . 1 . . . . . . . . . . . . . . . . Siege Activations . | . . . . . . . . . . . . . . . . . . Martial Activations . | . . . . . . . . . . . . . . . . . . Shielding Activations . | . . . . . . . . . . . . . . . . . . Robots Disrupted 5 | . . . . . 1 . . . . . . 1 2 1 . . . Combat Hostiles 5 | . . . . . 1 . . . . . . 1 2 1 . . . Robots Corrupted 1 | . 1 . . . . . . . . . . . . . . . . Combat Hostiles 1 | . 1 . . . . . . . . . . . . . . . . Parts Fried 1 | . 1 . . . . . . . . . . . . . . . . Impact Corruptions . | . . . . . . . . . . . . . . . . . . Robots Melted 2 | . . 2 . . . . . . . . . . . . . . . Combat Hostiles 2 | . . 2 . . . . . . . . . . . . . . . Parts Melted 6 | . . 6 . . . . . . . . . . . . . . . Heat Transferred 1458 | . 200 1110 148 . . . . . . . . . . . . . . Parts Sabotaged 4 | . . . . . . . . . . . 1 . . . . . 3 Parts Stolen . | . . . . . . . . . . . . . . . . . . Parts Stripped . | . . . . . . . . . . . . . . . . . . Power Chain Reactions 1 | . 1 . . . . . . . . . . . . . . . . Alert | -11 -10 -10 -9 -9 -6 -6 -6 -5 -5 -5 -5 -4 -4 -4 -4 -3 -2 ------- Run | Yrd Mat Sub Rec Scr Fac Low Low Fac Upp Upp War Pro Fac Upp Upp Res Res Maximum Alert Level 1 | . . . . . 1 . . 1 . . . . 1 . . . 1 Low Security (%) 95 | 100 100 . 100 . 90 . . 93 . . . . 97 . . 100 98 Level 1 4 | . . . . . 9 . . 6 . . . . 2 . . . 1 Level 2 . | . . . . . . . . . . . . . . . . . . Level 3 . | . . . . . . . . . . . . . . . . . . Level 4 . | . . . . . . . . . . . . . . . . . . Level 5 . | . . . . . . . . . . . . . . . . . . High Security . | . . . . . . . . . . . . . . . . . . Max Security . | . . . . . . . . . . . . . . . . . . Peak Influence 385 | . 68 . 114 . 385 . . 237 . . . . 202 . . 70 212 Initial 114 | . . . 114 . . . . 93 . . . . . . . 60 . Average 65 | . 11 . 22 . 77 . . 111 . . . . 85 . . 12 132 Influence Increases 4209 | . 85 315 206 . 894 5 . 688 60 15 705 55 375 90 70 74 572 Destroy 0b10 Robot/C 1780 | . 40 80 20 . 460 . . 160 . . 300 40 220 80 60 40 280 Destroy 0b10 Robot/NC 125 | . 5 . 20 . 35 5 . 35 . . . 5 5 . . 10 5 Destroy Leader 334 | . 12 10 . . 134 . . 36 . . . 10 52 10 10 10 50 Allied During Kill 23 | . . . . . . . . 23 . . . . . . . . . Successful Hack 104 | . 10 . 20 . 18 . . 56 . . . . . . . . . Select Force Hacks 150 | . . . 120 . . . . 30 . . . . . . . . . Disable Machine 120 | . 15 . 15 . 15 . . 60 . . . . . . . . 15 Anti-Garrison Action 150 | . . . . . . . . . . . . . . . . . 150 Destroy Structure 178 | . 3 . 11 . 67 . . 48 . . . . 8 . . 14 27 Partial Spotted 75 | . . . . . 15 . . 60 . . . . . . . . . Lose Combat Pursuer 1170 | . . 225 . . 150 . . 180 60 15 405 . 90 . . . 45 Influence Decreases 3997 | . 37 125 444 . 494 208 48 667 113 103 93 696 224 167 55 163 360 Entered New Map 1247 | . . 24 124 . . 148 38 56 63 23 29 641 . 57 15 29 . Time Decay 2183 | . 37 101 320 . 404 60 10 384 50 80 64 45 204 90 40 114 180 Lost Part 340 | . . . . . 90 . . . . . . 10 20 20 . 20 180 Lost Ally 20 | . . . . . . . . 20 . . . . . . . . . Purge Threat 207 | . . . . . . . . 207 . . . . . . . . . Squads Dispatched 30 | . . . . . 12 . . 11 . . . . 3 . . 1 3 Investigation 18 | . . . . . 7 . . 8 . . . . 2 . . . 1 Extermination 6 | . . . . . 3 . . 1 . . . . 1 . . 1 . Reinforcement 4 | . . . . . 2 . . 2 . . . . . . . . . Assault 2 | . . . . . . . . . . . . . . . . . 2 Garrison . | . . . . . . . . . . . . . . . . . . Intercept . | . . . . . . . . . . . . . . . . . . Searches Triggered . | . . . . . . . . . . . . . . . . . . Construction Impeded . | . . . . . . . . . . . . . . . . . . Haulers Reinforced . | . . . . . . . . . . . . . . . . . . Active Scanning Responses . | . . . . . . . . . . . . . . . . . . Cargo Convoy Interrupts . | . . . . . . . . . . . . . . . . . . Stealth | -11 -10 -10 -9 -9 -6 -6 -6 -5 -5 -5 -5 -4 -4 -4 -4 -3 -2 --------- Run | Yrd Mat Sub Rec Scr Fac Low Low Fac Upp Upp War Pro Fac Upp Upp Res Res Distress Signals 6 | . 1 . . . . . . . . . 1 . 1 . . . 3 Communications Jammed . | . . . . . . . . . . . . . . . . . . Distress Signals . | . . . . . . . . . . . . . . . . . . Times Spotted 246 | . 6 28 1 . 44 2 5 34 4 6 47 3 26 4 3 5 28 Peak Tracking Total 22 | . 4 3 1 . 6 2 5 7 4 6 22 2 5 4 3 2 9 Tactical Retreats 33 | . . 4 . . 7 . . 6 2 1 6 . 4 . . . 3 ECM-based Alert Blocks 1 | . . . . . 1 . . . . . . . . . . . . Traps | -11 -10 -10 -9 -9 -6 -6 -6 -5 -5 -5 -5 -4 -4 -4 -4 -3 -2 ------- Run | Yrd Mat Sub Rec Scr Fac Low Low Fac Upp Upp War Pro Fac Upp Upp Res Res Traps Triggered 2 | . . 1 . . . . . 1 . . . . . . . . . Indirectly . | . . . . . . . . . . . . . . . . . . Trap Hack Attempts . | . . . . . . . . . . . . . . . . . . Triggered . | . . . . . . . . . . . . . . . . . . Disarmed . | . . . . . . . . . . . . . . . . . . Reprogrammed . | . . . . . . . . . . . . . . . . . . Reused . | . . . . . . . . . . . . . . . . . . Traps Extracted . | . . . . . . . . . . . . . . . . . . Installed . | . . . . . . . . . . . . . . . . . . Triggered . | . . . . . . . . . . . . . . . . . . Machines | -11 -10 -10 -9 -9 -6 -6 -6 -5 -5 -5 -5 -4 -4 -4 -4 -3 -2 ---------- Run | Yrd Mat Sub Rec Scr Fac Low Low Fac Upp Upp War Pro Fac Upp Upp Res Res Machines Disabled 16 | . 1 5 1 . 1 . . 4 . 1 1 . . . . . 2 Max in Single Turn 3 | . 1 3 1 . 1 . . 1 . 1 1 . . . . . 1 Garrison Access 6 | . . . . . 1 . . 3 . . . . 1 . . . 1 Machines Repaired . | . . . . . . . . . . . . . . . . . . Machines Dismantled . | . . . . . . . . . . . . . . . . . . Machines Sabotaged . | . . . . . . . . . . . . . . . . . . Overloaded Fab Kills . | . . . . . . . . . . . . . . . . . . Hacking | -11 -10 -10 -9 -9 -6 -6 -6 -5 -5 -5 -5 -4 -4 -4 -4 -3 -2 --------- Run | Yrd Mat Sub Rec Scr Fac Low Low Fac Upp Upp War Pro Fac Upp Upp Res Res Machines Accessed 58 | . 1 3 8 3 14 . . 18 . 1 2 . 6 . . 1 1 Terminals 19 | . 1 . 4 . 5 . . 7 . . . . 2 . . . . Fabricators 5 | . . . . . 2 . . 1 . . . . 2 . . . . Repair Stations 2 | . . . . . 2 . . . . . . . . . . . . Recycling Units 13 | . . . 4 . 3 . . 5 . . . . 1 . . . . Scanalyzers 3 | . . . . . . . . 2 . . . . . . . 1 . Garrison Access 7 | . . . . . 2 . . 3 . . . . 1 . . . 1 Total Hacks 138 | . 8 3 20 7 45 . . 35 . 1 2 . 13 . . 2 2 Successful 85 | . 3 3 11 7 32 . . 19 . 1 2 . 6 . . 1 . Failed 53 | . 5 . 9 . 13 . . 16 . . . . 7 . . 1 2 Catastrophic 9 | . . . 2 . . . . 3 . . . . 3 . . . 1 Database Lockouts . | . . . . . . . . . . . . . . . . . . Manual 63 | . 8 . 13 . 18 . . 19 . . . . 5 . . . . Terminals 60 | . 8 . 15 . 16 . . 17 . . . . 4 . . . . Fabricators 21 | . . . . . 13 . . 2 . . . . 6 . . . . Repair Stations 7 | . . . . . 7 . . . . . . . . . . . . Recycling Units 18 | . . . 5 . 5 . . 7 . . . . 1 . . . . Scanalyzers 6 | . . . . . . . . 4 . . . . . . . 2 . Garrison Access 13 | . . . . . 4 . . 5 . . . . 2 . . . 2 Terminal Hacks 27 | . 2 3 2 7 6 . . 4 . 1 2 . . . . . . Record 7 | . . . . 6 . . . . . 1 . . . . . . . Part Schematic 4 | . . . 1 . 2 . . 1 . . . . . . . . . Robot Analysis 3 | . 2 . . . 1 . . . . . . . . . . . . Open Door 4 | . . 1 . 1 . . . . . . 2 . . . . . . Unreport Threat 3 | . . . . . . . . 3 . . . . . . . . . Locate Traps 2 | . . . . . 2 . . . . . . . . . . . . Patrol Status 1 | . . . . . 1 . . . . . . . . . . . . Hauler Manifests 1 | . . . 1 . . . . . . . . . . . . . . Proto ID Catalog 1 | . . 1 . . . . . . . . . . . . . . . Release Object 1 | . . 1 . . . . . . . . . . . . . . . Fabricator Hacks 12 | . . . . . 9 . . . . . . . 3 . . . . Network Status 1 | . . . . . 1 . . . . . . . . . . . . Load Schematic 7 | . . . . . 5 . . . . . . . 2 . . . . Build 4 | . . . . . 3 . . . . . . . 1 . . . . Repair Station Hacks 5 | . . . . . 5 . . . . . . . . . . . . Scan Component 2 | . . . . . 2 . . . . . . . . . . . . Repair 1 | . . . . . 1 . . . . . . . . . . . . Refit 2 | . . . . . 2 . . . . . . . . . . . . Recycling Unit Hacks . | . . . . . . . . . . . . . . . . . . Scanalyzer 3 | . . . . . . . . 2 . . . . . . . 1 . Insert Component 1 | . . . . . . . . 1 . . . . . . . . . Retrieve Study 2 | . . . . . . . . 1 . . . . . . . 1 . Garrison Access Hacks 5 | . . . . . 1 . . 3 . . . . 1 . . . . Seal Access 5 | . . . . . 1 . . 3 . . . . 1 . . . . Unauthorized Hacks 33 | . 1 . 9 . 11 . . 10 . . . . 2 . . . . Terminals 13 | . 1 . 5 . 4 . . 3 . . . . . . . . . Botnet 6 | . . . 1 . 3 . . 2 . . . . . . . . . Skim 7 | . 1 . 4 . 1 . . 1 . . . . . . . . . Fabricators 5 | . . . . . 3 . . 1 . . . . 1 . . . . Prioritize 1 | . . . . . 1 . . . . . . . . . . . . Liberate 1 | . . . . . . . . 1 . . . . . . . . . Recompile 3 | . . . . . 2 . . . . . . . 1 . . . . Repair Stations 1 | . . . . . 1 . . . . . . . . . . . . Patch 1 | . . . . . 1 . . . . . . . . . . . . Recycling Units 13 | . . . 4 . 3 . . 5 . . . . 1 . . . . Tunnel 4 | . . . 4 . . . . . . . . . . . . . . Fedlink 9 | . . . . . 3 . . 5 . . . . 1 . . . . Scanalyzers 1 | . . . . . . . . 1 . . . . . . . . . Extract 1 | . . . . . . . . 1 . . . . . . . . . Garrison Access . | . . . . . . . . . . . . . . . . . . Data Cores Recovered . | . . . . . . . . . . . . . . . . . . Used . | . . . . . . . . . . . . . . . . . . Hacking Detections 32 | . 1 . 3 . 10 . . 12 . . . . 4 . . 1 1 Full Trace Events 3 | . . . . . 1 . . 1 . . . . . . . . 1 Feedback Events 1 | . . . . . . . . . . . . . . . . . 1 Corruption 1 | . . . . . . . . . . . . . . . . . 1 Feedback Blocked . | . . . . . . . . . . . . . . . . . . Robot Schematics Acquired . | . . . . . . . . . . . . . . . . . . Robots Built . | . . . . . . . . . . . . . . . . . . Authchips . | . . . . . . . . . . . . . . . . . . Time . | . . . . . . . . . . . . . . . . . . Total Robot Build Rating . | . . . . . . . . . . . . . . . . . . Part Schematics Acquired 44 | . . . 1 . 7 2 . 10 1 3 7 6 6 . . . 1 Parts Built 7 | . . . . . 5 . . . . . . . 2 . . . . Authchips 4 | . . . . . 3 . . . . . . . 1 . . . . Time 178 | . . . . . 120 . . . . . . . 58 . . . . Total Part Build Rating 32 | . . . . . 18 . . . . . . . 14 . . . . Part Studies Acquired 2 | . . . . . . . . 1 . . . . . . . 1 . Parts Repaired 1 | . . . . . 1 . . . . . . . . . . . . Time 22 | . . . . . 22 . . . . . . . . . . . . Parts Recycled . | . . . . . . . . . . . . . . . . . . Recycled Matter . | . . . . . . . . . . . . . . . . . . Retrieved Matter . | . . . . . . . . . . . . . . . . . . Retrieved Components . | . . . . . . . . . . . . . . . . . . Parts Scanalyzed . | . . . . . . . . . . . . . . . . . . Part Schematics Acquired . | . . . . . . . . . . . . . . . . . . Parts Damaged . | . . . . . . . . . . . . . . . . . . Bothacking | -11 -10 -10 -9 -9 -6 -6 -6 -5 -5 -5 -5 -4 -4 -4 -4 -3 -2 ------------ Run | Yrd Mat Sub Rec Scr Fac Low Low Fac Upp Upp War Pro Fac Upp Upp Res Res Used RIF Installer . | . . . . . . . . . . . . . . . . . . Robots Hacked . | . . . . . . . . . . . . . . . . . . Non-combat . | . . . . . . . . . . . . . . . . . . Combat . | . . . . . . . . . . . . . . . . . . Robot Hacks Applied . | . . . . . . . . . . . . . . . . . . Relay Couplers Released 4 | . . . . . 3 . . . . . . . . . . . 1 Machine Destruction 1 | . . . . . . . . . . . . . . . . . 1 Programmers 3 | . . . . . 3 . . . . . . . . . . . . Fabnet Peak Effective % . | . . . . . . . . . . . . . . . . . . Robots Rewired . | . . . . . . . . . . . . . . . . . . Allies Hacked . | . . . . . . . . . . . . . . . . . . Hacks Repelled . | . . . . . . . . . . . . . . . . . . Allies | -11 -10 -10 -9 -9 -6 -6 -6 -5 -5 -5 -5 -4 -4 -4 -4 -3 -2 -------- Run | Yrd Mat Sub Rec Scr Fac Low Low Fac Upp Upp War Pro Fac Upp Upp Res Res Total Allies 3 | . . . . . . . . 3 . . . . . . . . . Largest Group 3 | . . . . . . . . 3 . . . . . . . . . Highest-Rated Group 90 | . . . . . . . . 90 . . . . . . . . . Highest-Rated Ally 30 | . . . . . . . . 30 . . . . . . . . . Total Orders . | . . . . . . . . . . . . . . . . . . Ally Attacks 3 | . . . . . . . . 3 . . . . . . . . . Total Damage 138 | . . . . . . . . 138 . . . . . . . . . Kills 1 | . . . . . . . . 1 . . . . . . . . . Allies Corrupted . | . . . . . . . . . . . . . . . . . . Allies Melted 1 | . . . . . . . . 1 . . . . . . . . . Intel | -11 -10 -10 -9 -9 -6 -6 -6 -5 -5 -5 -5 -4 -4 -4 -4 -3 -2 ------- Run | Yrd Mat Sub Rec Scr Fac Low Low Fac Upp Upp War Pro Fac Upp Upp Res Res Active Infowar (turns) 3432 | . . . . . 261 122 30 822 110 172 585 434 279 . . 398 219 Optics 869 | . . . . . . . . 300 110 172 287 . . . . . . Sensors 138 | . . . . . . . . . . . . . . . . . 138 Structural 2663 | . . . . . 109 122 30 822 110 172 585 434 279 . . . . Seismic 617 | . . . . . . . . . . . . . . . . 398 219 Cloaking 191 | . . . . . 105 . . 86 . . . . . . . . . Jamming 1 | . . . . . 1 . . . . . . . . . . . . ECM 55 | . . . . . 53 . . . . . . . 2 . . . . Robot Analysis Total 3 | . 2 . . . 1 . . . . . . . . . . . . Derelict Logs Recovered 7 | . . 1 . 4 . . . . 1 . . . . 1 . . . Drone Launches . | . . . . . . . . . . . . . . . . . . Drone Recoveries . | . . . . . . . . . . . . . . . . . . Exploration | -11 -10 -10 -9 -9 -6 -6 -6 -5 -5 -5 -5 -4 -4 -4 -4 -3 -2 ------------- Run | Yrd Mat Sub Rec Scr Fac Low Low Fac Upp Upp War Pro Fac Upp Upp Res Res Turns Passed 14796 | 78 226 3804 1326 2958 1955 123 30 929 110 172 585 434 754 198 94 627 393 Spaces Moved 11147 | 42 116 2010 655 1493 1189 250 48 1670 273 299 1243 418 548 158 68 489 178 Core 32 | 5 . . . . 27 . . . . . . . . . . . . Treads 2001 | 37 116 1848 . . . . . . . . . . . . . . . Legs 1960 | . . . . . 613 . . . . . . . 454 158 68 489 178 Wheels 2703 | . . 162 655 1493 393 . . . . . . . . . . . . Hover . | . . . . . . . . . . . . . . . . . . Flight 4451 | . . . . . 156 250 48 1670 273 299 1243 418 94 . . . . Fastest Speed 34 | 50 160 160 190 190 40 40 40 40 40 40 34 34 34 112 113 111 103 Average Speed 113 | 146 160 178 190 195 116 40 40 40 40 40 38 34 102 112 113 114 112 Slowest Speed 560 | 160 160 560 190 205 130 40 40 80 40 40 215 34 170 113 113 116 250 Overloaded Moves . | . . . . . . . . . . . . . . . . . . Propulsion Burnouts . | . . . . . . . . . . . . . . . . . . Robots Hopped 8 | . . . . . 2 . . 4 . . 2 . . . . . . Potential Cave-ins . | . . . . . . . . . . . . . . . . . . Cave-ins Triggered . | . . . . . . . . . . . . . . . . . . Exploration Rate (%) 43 | 6 26 85 97 85 30 46 9 52 54 47 95 64 16 39 11 8 4 Regions Visited 17 Branch Regions 11 Pre-discovered Areas 7 | . . 1 4 . 1 . . . . . . . . 1 . . . Known Exits Taken 3 | . . . . . 1 . . 1 . 1 . . . . . . . Unknown Exits Taken 14 | 1 1 1 1 1 . 1 1 . 1 . 1 1 1 1 1 1 . Scrap Searched 13 | . . 5 . 3 . . . . 1 2 . 2 . . . . . Spaces Dug 124 | . . . 5 . 41 1 4 24 . 3 27 . 4 . 4 7 4 Terrain Destroyed 327 | . 2 71 10 . 83 1 4 24 . 3 104 . 4 . 4 7 10 Melee 74 | . . . . . 23 1 4 24 . 3 . . 4 . 4 7 4 Projectile 20 | . . 2 10 . . . . . . . 2 . . . . . 6 AOE 233 | . 2 69 . . 60 . . . . . 102 . . . . . . Terrain Rammed . | . . . . . . . . . . . . . . . . . . Walls Destroyed . | . . . . . . . . . . . . . . . . . . Machines Disabled . | . . . . . . . . . . . . . . . . . . Actions | -11 -10 -10 -9 -9 -6 -6 -6 -5 -5 -5 -5 -4 -4 -4 -4 -3 -2 --------- Run | Yrd Mat Sub Rec Scr Fac Low Low Fac Upp Upp War Pro Fac Upp Upp Res Res Total 12814 | 56 138 2144 718 1536 1611 268 52 1836 273 343 1332 687 700 174 82 551 313 Wait 847 | . 5 34 40 1 216 15 1 78 1 37 64 252 34 4 2 28 35 Move 11114 | 41 115 2009 654 1492 1184 249 47 1661 272 298 1238 417 547 157 67 488 178 Hop 8 | . . . . . 2 . . 4 . . 2 . . . . . . Pick Up 116 | 7 6 23 6 27 16 1 . 2 . 1 5 1 19 . . 1 1 Fast Attach 64 | 3 1 3 . 1 12 . . 9 . . 4 1 13 2 . 6 9 Attach 57 | 3 . 5 . 2 30 . . 2 . 1 3 1 5 . . 1 4 Detach 14 | . . 1 . . 7 . . 1 . . 1 . 4 . . . . Swap 19 | . . 5 . . 5 1 . 6 . . . . . 1 . . 1 Drop 77 | . 1 11 6 13 23 . . 8 . 1 6 . 3 1 . 2 2 Fire 118 | . 9 53 11 . 14 . . . . . 6 . . . . . 25 Melee 365 | . . . . . 102 2 4 65 . 5 3 15 66 9 13 25 56 Ram . | . . . . . . . . . . . . . . . . . . Kick 11 | . . . . . . . . . . . . . 9 . . . 2 Crush 3 | 2 1 . . . . . . . . . . . . . . . . Escape Stasis . | . . . . . . . . . . . . . . . . . . Rewire 1 | . . . 1 . . . . . . . . . . . . . . Trap . | . . . . . . . . . . . . . . . . . . Miscellaneous . | . . . . . . . . . . . . . . . . . . Route ------- -11/Scrapyard -10/Materials -10/Subcaves (discovered 3 exits: [*Mat x2] / *Rec) -9/Recycling (discovered 2 exits: [*Fac] / *Scr) -9/Scraptown -6/Factory -6/Lower Caves -6/Lower Caves -5/Factory (discovered 4 exits: *Fac x2 / *Upp x2) -5/Upper Caves -5/Upper Caves -5/Warlord -4/Proximity Caves -4/Factory -4/Upper Caves -4/Upper Caves -3/Research -2/Research History --------- Turn | Location | Event 9 | -11/Scrapyard | Discovered new exit (range 16) 79 | -11/Scrapyard | Entered Materials 225 | -10/Materials | Discovered new exit (range 8) 305 | -10/Materials | Entered Subcaves 318 | -10/Subcaves | Build established: Mutant 487 | -10/Subcaves | Shifting Twisted Machinery released Sub. Optics 515 | -10/Subcaves | Shifting Twisted Machinery released Battle Cannon 554 | -10/Subcaves | A swath of the cavern ceiling suddenly collapsed 680 | -10/Subcaves | A Subdweller sparked back to life 680 | -10/Subcaves | A Subdweller sparked back to life 680 | -10/Subcaves | A Subdweller sparked back to life 687 | -10/Subcaves | Core integrity fell below 50% 726 | -10/Subcaves | Found Prototype Flight Unit 767 | -10/Subcaves | Ambushed by Subdwellers from Twisted Machinery 808 | -10/Subcaves | Shifting Twisted Machinery released Shrapnel Trap 808 | -10/Subcaves | Shifting Twisted Machinery released Flamer 947 | -10/Subcaves | A swath of the cavern ceiling suddenly collapsed 1189 | -10/Subcaves | Core integrity fell below 20% 1284 | -10/Subcaves | Discovered new exit (range 10) 2335 | -10/Subcaves | Learned location of Zion (-6) 2335 | -10/Subcaves | Met a Zionite searching for "candidates" 2389 | -10/Subcaves | Discovered new exit (range 11) 2486 | -10/Subcaves | Shifting Twisted Machinery released Mak. Light Armor Plating 2495 | -10/Subcaves | Disturbed a concealed Subdweller 2535 | -10/Subcaves | Shifting Twisted Machinery released Battle Cannon 2843 | -10/Subcaves | Discovered new exit (range 11) 2883 | -10/Subcaves | Disturbed a concealed Subdweller 3060 | -10/Subcaves | Visited 4L-MR0's lab 3067 | -10/Subcaves | Identified Flightbrick 3084 | -10/Subcaves | Found Cargo Legs 3687 | -10/Subcaves | Build established: Hauler-Mutant 3843 | -10/Subcaves | Found SUBCON Basin 4109 | -10/Subcaves | Entered Recycling 4279 | -9/Recycling | Discovered new exit (range 12) 5365 | -9/Recycling | Scanned before Scraplab entrance 5391 | -9/Recycling | Entered Scraplab 5433 | -9/Recycling | Discovered new exit (range 2) 5435 | -9/Recycling | Entered Scraptown 5844 | -9/Scraptown | Visited UFD Registry 5844 | -9/Scraptown | Registered with UFD as "Wavecore" 5858 | -9/Scraptown | Visited Symbiants 5881 | -9/Scraptown | Visited The Evicted 5915 | -9/Scraptown | Visited Cave Peace 5962 | -9/Scraptown | Scanned Subdweller tech in exchange for log data 5968 | -9/Scraptown | Learned Research stockpile data 5970 | -9/Scraptown | Learned Factory interactive machine intel 5972 | -9/Scraptown | Learned location of 1 exit from Factory 6381 | -9/Scraptown | Visited Red Mages 6438 | -9/Scraptown | Visited Spacefarers 6489 | -9/Scraptown | Visited Awakened 6512 | -9/Scraptown | Visited Comm Corps 6603 | -9/Scraptown | Visited Chapter 10 6670 | -9/Scraptown | Visited Abandonware Association 6689 | -9/Scraptown | Learned abandonware demo "HACKBUD.EXE" 6689 | -9/Scraptown | Learned abandonware demo "TRNCOAT.EXE" 6734 | -9/Scraptown | Visited A0-MCA Data Center 6746 | -9/Scraptown | Given a B- rating by A0-MCA 6790 | -9/Scraptown | Visited Curators Association 6897 | -9/Scraptown | Delivered Scrap Shield to a Scientist 7056 | -9/Scraptown | Visited Science Testing Area 7089 | -9/Scraptown | Visited Supply Room 7147 | -9/Scraptown | Visited Observation Area 7189 | -9/Scraptown | Found A0-MCA's Component Scanner 7523 | -9/Scraptown | Visited LU-1G1's Boring Crew 7552 | -9/Scraptown | Visited Sword Containment 7574 | -9/Scraptown | Found Prototype Slashing Weapon 7574 | -9/Scraptown | Identified Companion Sword 7620 | -9/Scraptown | Visited Scrapoid Pod Storage 8279 | -9/Scraptown | Met Optimus 8279 | -9/Scraptown | Accepted into 0bPrime 8389 | -9/Scraptown | Discovered new exit (range 3) 8393 | -9/Scraptown | Entered Factory 8393 | -6/Factory | Evolved 8 slots: Power x1, Propulsion x2, Utility x5 8394 | -6/Factory | Identified exit to Lower Caves 8395 | -6/Factory | Loaded intel: 52 interactive machine locations 8395 | -6/Factory | Attached Cargo Legs, gained temporary slots: Utility x2 8682 | -6/Factory | Build established: Hacker-Mutant 8686 | -6/Factory | Tech Extrapolator generated special schematic: Deep Structural Scanner 8710 | -6/Factory | Lost 6 parts (2p2n2u) 9022 | -6/Factory | Fabricated Imp. Utility Shielding? 9032 | -6/Factory | Repaired Arm. Huge Wheel 9103 | -6/Factory | Fabricated Microactuators? 9533 | -6/Factory | Fabricated Deep Structural Scanner (x1) 10005 | -6/Factory | Loaded intel: 8 recycling unit locations 10064 | -6/Factory | Core integrity fell below 50% 10112 | -6/Factory | Learned location of Protoforge (-2) 10188 | -6/Factory | Attached Flightbrick, gained temporary slots: Utility x3 10194 | -6/Factory | Core integrity fell below 20% 10220 | -6/Factory | Lost 5 parts (2p1n1u1w) 10260 | -6/Factory | Spotted B-75 Beast 10348 | -6/Factory | Entered Lower Caves 10350 | -6/Lower Caves | UFD Scientist delivered a prototype 10351 | -6/Lower Caves | Found Enh. Scrap Shield 10467 | -6/Lower Caves | Discovered new exit (range 8) 10471 | -6/Lower Caves | Entered another Lower Caves area 10475 | -6/Lower Caves | Spotted B-75 Beast 10482 | -6/Lower Caves | Discovered new exit (range 13) 10501 | -6/Lower Caves | Entered Factory 10501 | -5/Factory | Evolved 2 slots: Propulsion x1, Utility x1 10502 | -5/Factory | Identified exit to Upper Caves 10537 | -5/Factory | Discovered new exit (range 16) 10750 | -5/Factory | Loaded intel: 8 recycling unit locations 10907 | -5/Factory | Discovered exit to Upper Caves (range 12) 11112 | -5/Factory | Discovered new exit (range 5) 11396 | -5/Factory | Spotted B-75 Beast 11430 | -5/Factory | Entered Upper Caves 11533 | -5/Upper Caves | Discovered new exit (range 14) 11540 | -5/Upper Caves | Entered another Upper Caves area 11541 | -5/Upper Caves | Identified exit to Warlord 11625 | -5/Upper Caves | Attracted the attention of an 0b10 checkpoint 11683 | -5/Upper Caves | Found Alien Artifact 11712 | -5/Upper Caves | Entered Warlord 11919 | -5/Warlord | Warlord's base attacked by MAIN.C 11936 | -5/Warlord | Found Vortex Rifle 12000 | -5/Warlord | Found Exp. Core Analyzer 12015 | -5/Warlord | Found RU-N14's Throwing Claymores v3 12021 | -5/Warlord | Found RU-N14's Throwing Claymores v3 12040 | -5/Warlord | Rebuked by Warlord 12141 | -5/Warlord | Opened side exit 12189 | -5/Warlord | Destroyed 11 combat bots 12214 | -5/Warlord | Warlord forces counterattacked 12219 | -5/Warlord | Spotted Striker 12247 | -5/Warlord | Tech Extrapolator generated special schematic: Energy Deflector 12293 | -5/Warlord | Discovered new exit (range 15) 12297 | -5/Warlord | Entered Proximity Caves 12411 | -4/Proximity Caves | Tech Extrapolator generated special schematic: Machine Rigger 12472 | -4/Proximity Caves | Received a Behemoth hack from an annoying Tinkerer 12714 | -4/Proximity Caves | Discovered new exit (range 15) 12729 | -4/Proximity Caves | Spotted B-86 Titan 12731 | -4/Proximity Caves | Entered Factory 12731 | -4/Factory | Evolved 2 slots: Propulsion x1, Utility x1 12861 | -4/Factory | Lost 6 parts (2p2n2u) 12962 | -4/Factory | Fabricated Nanoactuators (x2) 13091 | -4/Factory | Tech Extrapolator generated special schematic: Heat Bomb Trap 13194 | -4/Factory | Core integrity fell below 50% 13373 | -4/Factory | Build established: Scavenger-Mutant 13383 | -4/Factory | Discovered new exit (range 19) 13432 | -4/Factory | Loaded intel: 8 recycling unit locations 13485 | -4/Factory | Entered Upper Caves 13520 | -4/Upper Caves | Learned location of Testing (-3) 13664 | -4/Upper Caves | Discovered new exit (range 11) 13683 | -4/Upper Caves | Entered another Upper Caves area 13766 | -4/Upper Caves | Discovered new exit (range 10) 13777 | -4/Upper Caves | Entered Research 13777 | -3/Research | Evolved 2 slots: Utility x2 13872 | -3/Research | Discovered new exit (range 9) 14404 | -3/Research | Entered another Research area 14404 | -2/Research | Evolved 2 slots: Utility x2 14695 | -2/Research | Lost 8 parts (1p2n5u) 14797 | -2/Research | Self-destructed Last Messages --------------- 14779_ Acquired 8 matter. 14780_ G-73 Enforcer destroyed. 14781_ Acquired 8 matter. 14781_ U-05 Engineer builds a Wall. 14782_ W-44 Eye sends out distress signal. 14784_ U-05 Engineer builds a Wall. 14785_ Acquired 8 matter. 14785_ U-05 Engineer builds a Wall. 14787_ Acquired 8 matter. 14788_ G-73 Enforcer Myomer Leg blasted off. 14788_ G-73 Enforcer knocked back. 14789_ Acquired 8 matter. 14789_ R-10 Processor collects Hvy. Laser. 14790_ Critical hit (Burn: +37). 14790_ U-05 Engineer builds a Wall. 14793_ Rnf. Antimatter Reactor destroyed. 14794_ C-30 ARC bursts open, deploying its payload. 14794_ S-43 Plague unfolds itself. 14795_ G-73 Enforcer destroyed. 14796_ K-01 Serf collects debris. Map ----- +----------------------------------------------------+ | ?????????????????????????????????????????????????? | | ????????????????????????? ???????????????????????? | | ???????????????????????? #?????????????????????? | | ???????????????????????? #?????????????????????? | | ???????????????????????? #?????????????????????? | | ??????????????????????? #?????????????????????? | | ??????????????????????? #?????????????????????? | | ???????????????######### #?????????????????????? | | ???????????????# ## #?????????????????????? | | ???????????????# ## #?????????????????????? | | ???????????????# ## #?????????????????????? | | ???????????????# ] ## %#?????????????????????? | | ??????????? ?# ## ##????????????????????? | | ?????????? ?+ # [ ##+########??????????? | | ??????????# ## # ??????????? | | ??????????# ## / k ?????????? | | ??????????# ## "= %! ??????????? | | ??????????# ## =%*# s ##/####??????????????? | | ??????????# ## = ###s###?? ???????????????? | | ??????????# ## #?#%#??? ????????????????? | | ??????????# ## % #?#g#?? ?????????????????? | | ??????????+ ####/####?#s#?# ??????????????????? | | ??????????# #??#"#????#s# " ???????????????????? | | ?????????## ##?# #????#R#=#????????????????????? | | ??######## ###%##??##%##?????????????????????? | | ### #####@##?????????????????????? | | ## ###### =%%%##?????????????????????? | | ## # # ########?????????????????????? | | + #% #????????????????????????????? | | #### !##### #????????????????????????????? | | #??# "#??# #????????????????????????????? | | ##### ##??# #????????????????????????????? | | * # #???# #????????????????????????????? | | # #???#+###+##????????????????????????????? | | "" # * #???????????????????????????????????????? | | "" # #???????????????????????????????????????? | | "" #####"#??????????????????????????????????????? | | #????##??????????????????????????????????????? | | #????????????????????????????????????????????? | | "####????????????????????????????????????????????? | | #??????????????????????????????????????????????? | | #??????????????????????????????????????????????? | | #??????????????????????????????????????????????? | | #??????????????????????????????????????????????? | | #??????????????????????????????????????????????? | | #??????????????????????????????????????????????? | | #??????????????????????????????????????????????? | | #??????????????????????????????????????????????? | | #??????????????????????????????????????????????? | | ###########??????????????????????????????????????? | +----------------------------------------------------+ Best States ------------- Heat Dissipation 56 Energy Generation 41 Energy Capacity 415 Matter Stores 300 Matter Capacity 300 Sight Range 22 Robot Scan Range 16 Terrain Scan Density 10 ECM Strength 2 Cloak Strength 2 Armor Coverage 800 Resistance: TH 10 Core Shielding 30 Propulsion Shielding 66 Utility Shielding 66 Weapon Shielding 66 Melee Speed Boost 50 Evasion (%) 82 Melee Accuracy 16 Core Analysis 8 Armor Integrity Analysis 40 Recoil Reduction 2 Offensive Hacking 40 Defensive Hacking 24 Authchip Count 3 Item Schematics ----------------- EM Disruption Field | -9/Recycling | Hacked Deep Structural Scanner | -6/Factory | Extrapolated Mak. Coolant Network | -6/Factory | Extrapolated Beamcaster | -6/Factory | Extrapolated Imp. Utility Shielding | -6/Factory | Hacked Microactuators | -6/Factory | Hacked Mak. Power Source | -6/Factory | Extrapolated Mak. Medium Armor Plating | -6/Factory | Extrapolated Mak. Targeting Computer | -6/Lower Caves | Extrapolated Mak. Thermal Plating | -6/Lower Caves | Extrapolated Mak. Ablative Armor | -5/Factory | Extrapolated Maul | -5/Factory | Extracted Magnetic Acceleration Cannon | -5/Factory | Extracted Bore Cannon | -5/Factory | Extrapolated Mak. System Restoration Module | -5/Factory | Extrapolated Mak. Transmission Jammer | -5/Factory | Extrapolated Mak. Trap Scanner | -5/Factory | Extrapolated 0b10 Decoder Chip [Generic] | -5/Factory | Extrapolated Nanoactuators | -5/Factory | Hacked 0b10 Decoder Chip [Scout] | -5/Factory | Extrapolated 0b10 Decoder Chip [Skirmisher] | -5/Upper Caves | Extrapolated Mak. Core Shielding | -5/Upper Caves | Extrapolated Mak. System Shield | -5/Upper Caves | Extrapolated Mak. Terrain Scanner | -5/Upper Caves | Extrapolated Mak. Salvage Targeting Computer | -5/Warlord | Extrapolated Mak. Weapon Shielding | -5/Warlord | Extrapolated Mak. Light Armor Plating | -5/Warlord | Extrapolated Mak. Heavy Armor Plating | -5/Warlord | Extrapolated Mak. Kinetic Plating | -5/Warlord | Extrapolated Mak. Propulsion Shielding | -5/Warlord | Extrapolated Energy Deflector | -5/Warlord | Extrapolated Mak. Hacking Suite | -4/Proximity Caves | Extrapolated Machine Rigger | -4/Proximity Caves | Extrapolated Arc Thrower | -4/Proximity Caves | Extrapolated Imp. Arc Thrower | -4/Proximity Caves | Extrapolated Mak. Laser | -4/Proximity Caves | Extrapolated Hvy. Beamcaster | -4/Proximity Caves | Extrapolated Hvy. Battle Rifle | -4/Factory | Extrapolated Mak. Shrapnel Gun | -4/Factory | Extrapolated Multitool | -4/Factory | Extrapolated Mak. Hammer | -4/Factory | Extrapolated Heat Bomb Trap | -4/Factory | Extrapolated Ripper | -4/Factory | Extrapolated Tactical Coordination Suite | -2/Research | Extrapolated Robot Schematics ------------------ None Fabricated ------------ Imp. Utility Shielding | x2 | -6/Factory | Authchip Microactuators | x2 | -6/Factory | Authchip Deep Structural Scanner | x1 | -6/Factory | Authchip Nanoactuators | x2 | -4/Factory | Authchip Repaired ---------- Arm. Huge Wheel | 2% | -6/Factory Studied --------- Fission Core | -5/Factory | Hacked Imp. Thunder Leg | -3/Research | Hacked Alien Tech Used ----------------- None Achievements -------------- None Challenges ------------ None Game ------ Seed NavigationTerrabombBlade Manual? 0 Play Time 01:37:29 Cumulative 828.2 hours Start 2025.11.13 @ 21:24:55 End 2025.11.14 @ 04:18:38 Sessions 3 Manual Loads 0 Difficulty Rogue Special Mode None Game No. 829 Rogue 829 Adventurer 0 Explorer 0 Win Type - Total 40 Types 15/4/11/2/0/0/5/2/1/0 Lore% 96 Gallery% 86 Achievement% 62 Wizard Run 0 Options --------- Layout 0 ASCII 0 Keyboard 0 Movement Numpad Keybinds 0 Fullscreen 1 Font 18/Smallcaps Map View 76x50 Zoom Use 0% Tactical HUD 1 Map Filters NONE Filters NONE Steam 1 RUN: 0c28d35b-526d-41df-a91b-1dc8e1618e35